 Dungeon Crawl Stone Soup version 0.23.2-1-ga50397a (webtiles) character file.

Game seed: 11113848966028500387

26698 havocjr2 the Destroyer (level 13, 0/88 HPs)
             Began as a Gnoll Conjurer on Apr 12, 2019.
             Was an Elder of Hepliaklqana.
             Slain by a sun demon (7 damage)
             ... summoned by an orc sorcerer
             ... on level 1 of the Orcish Mines on Apr 19, 2019.
             The game lasted 02:52:31 (17648 turns).

havocjr2 the Destroyer (Gnoll Conjurer)            Turns: 17648, Time: 02:52:32

Health: 0/88       AC: 18    Str: 11    XL:     13   Next: 27%
Magic:  34/35      EV: 17    Int: 22    God:    Hepliaklqana [****..]
Gold:   359        SH:  0    Dex: 16    Spells: 8/31 levels left

rFire    . . .     SeeInvis .   x - +3 great sword
rCold    . . .     Gourm    .   (shield currently unavailable)
rNeg     . . .     Faith    +   a - +0 acid dragon scales
rPois    +         Spirit   .   q - +2 helmet
rElec    .         Reflect  .   j - +1 cloak
rCorr    +         Harm     .   H - +1 pair of gloves
MR       .....                  e - +1 pair of boots
Stlth    ++++......             u - amulet of faith
HPRegen  0.24/turn              t - ring of magical power
MPRegen  0.24/turn              O - ring of poison resistance

@: lightly drained
A: distributed training, reduced essence, fangs 1, strong nose
a: Recall Ancestor, Ancestor Identity, Transference, Idealise, Renounce Religion


You were on level 1 of the Orcish Mines.
You worshipped Hepliaklqana.
Hepliaklqana was greatly pleased with you.
You were not hungry.

You visited 3 branches of the dungeon, and saw 16 of its levels.

You collected 891 gold pieces.
You spent 532 gold pieces at shops.

Inventory:

Hand Weapons
 o - a +0 great mace
 s - a +3 falchion of electrocution
 x - a +3 great sword (weapon)
 y - the +6 arbalest "Safaod" {freeze, Dex+4}
   (You found it on level 11 of the Dungeon)

   It causes projectiles fired from it to freeze those they strike, causing
   extra injury to most foes and up to half again as much damage against
   particularly susceptible opponents.
   They can also slow down cold-blooded creatures.
   It affects your dexterity (+4).
 B - a +1 longbow of velocity
Missiles
 w - 13 tomahawks (quivered)
 L - 42 bolts
 M - 243 arrows
 W - 7 poisoned javelins
Armour
 a - +0 acid dragon scales (worn)
 e - a +1 pair of boots (worn)
 j - a +1 cloak (worn)
 q - a +2 helmet (worn)
 H - a +1 pair of gloves (worn)
 N - a scarf of repulsion
 V - a +1 robe of magic resistance
Jewellery
 g - an uncursed ring of positive energy
 t - a ring of magical power (left hand)
 u - an amulet of faith (around neck)
 v - an uncursed ring of protection from magic
 O - a ring of poison resistance (right hand)
Wands
 b - a wand of paralysis (6)
 i - a wand of digging (2)
 I - a wand of scattershot (6)
 P - a wand of disintegration (27)
 S - a wand of acid (23)
 T - a wand of enslavement (8)
 Y - a wand of polymorph (6)
Scrolls
 k - 7 scrolls of magic mapping
 l - a scroll of teleportation
 m - 3 scrolls of blinking
 p - 2 scrolls of amnesia
 D - a scroll of fear
 F - a scroll of immolation
 Q - 3 scrolls of fog
 R - a scroll of holy word
Potions
 d - 2 potions of brilliance
 h - 3 potions of agility
 n - a potion of lignification
 r - a potion of ambrosia
 z - a potion of berserk rage
 A - 2 potions of cancellation
 C - 5 potions of curing
 E - a potion of mutation {unknown}
 G - a potion of resistance {unknown}
 J - 2 potions of flight
 K - 2 potions of might
 U - a potion of magic {unknown}
 X - a potion of invisibility
Comestibles
 c - 23 rations
 f - 6 chunks of flesh


   Skills:
 + Level 8.0(7.5) Fighting
 + Level 8.0(7.5) Short Blades
 + Level 8.0(7.5) Long Blades
 + Level 8.0(7.5) Axes
 + Level 8.0(7.5) Maces & Flails
 + Level 8.0(7.5) Polearms
 + Level 8.0(7.5) Staves
 + Level 8.0(7.5) Slings
 + Level 8.0(7.5) Bows
 + Level 8.0(7.5) Crossbows
 + Level 8.0(7.5) Throwing
 + Level 8.0(7.5) Armour
 + Level 9.3(8.7) Dodging
 + Level 9.1(8.5) Stealth
 + Level 8.0(7.5) Shields
 + Level 8.0(7.5) Unarmed Combat
 + Level 9.5(8.9) Spellcasting
 + Level 9.8(9.2) Conjurations
 + Level 6.6(6.1) Hexes
 + Level 6.6(6.1) Charms
 + Level 6.6(6.1) Summonings
 + Level 6.6(6.1) Necromancy
 + Level 6.6(6.1) Translocations
 + Level 6.6(6.1) Transmutations
 + Level 6.6(6.1) Fire Magic
 + Level 6.6(6.1) Ice Magic
 + Level 6.6(6.1) Air Magic
 + Level 6.6(6.1) Earth Magic
 + Level 6.6(6.1) Poison Magic
 + Level 8.8(8.2) Invocations
 + Level 8.0(7.5) Evocations


You had 8 spell levels left.
You knew the following spells:

 Your Spells              Type           Power        Failure   Level  Hunger
a - Magic Dart            Conj           ####         1%          1    None
b - Searing Ray           Conj           ######       1%          2    None
c - Dazzling Spray        Conj/Hex       #####.       1%          3    None
d - Iskenderun's Mystic   Conj           ######..     2%          4    ##.....
e - Fulminant Prism       Conj/Hex       #####.....   4%          4    ##.....
f - Mephitic Cloud        Conj/Pois/Air  #####...     1%          3    None
g - Summon Lightning Spi  Summ/Air       #####...     8%          4    ##.....
h - Call Imp              Summ           #####...     1%          2    None

Your spell library contained the following spells:

 Spells                   Type           Power        Failure   Level  Hunger
 Apportation              Tloc           #####.       1%          1    None
 Corona                   Hex            #####..      1%          1    None
 Summon Butterflies       Summ           #####...     1%          1    None
 Summon Small Mammal      Summ           ####         1%          1    None
 Blink                    Tloc           N/A          1%          2    None
 Ensorcelled Hibernation  Hex/Ice        #####.       1%          2    None
 Slow                     Hex            #####...     1%          2    None
 Conjure Flame            Conj/Fire      #####...     1%          3    None
 Call Canine Familiar     Summ           #####...     2%          3    None
 Confuse                  Hex            #####...     2%          3    None
 Lesser Beckoning         Tloc           #####.....   2%          3    None
 Summon Guardian Golem    Hex/Summ       #####...     2%          3    None
 Tukima's Dance           Hex            #####...     2%          3    None
 Force Lance              Conj/Tloc      #####...     4%          4    ##.....
 Summon Ice Beast         Ice/Summ       #####...     8%          4    ##.....
 Alistair's Intoxication  Tmut/Pois      #####...     22%         5    #####..
 Invisibility             Hex            #####...     77%         6    ######.


Dungeon Overview and Level Annotations

Branches:
Dungeon (14/15)            Temple (1/1) D:6            Lair (0/6) D:10
    Orc (1/2) D:9
 Vaults: D:13-14

Altars:
Ashenzari
Dithmenos
Elyvilon
Fedhas
Gozag
Hepliaklqana
Kikubaaqudgha
Makhleb
Nemelex Xobeh
Okawaru
Qazlal
Ru
Sif Muna
Trog
Uskayaw
Vehumet
Wu Jian
Xom
Yredelemnul
Zin
The Shining One
Lugonu

Shops:
D:10 !   D:12 (   D:13 :   D:14 ?

Annotations:
D:9 exclusion: ice statue
Orc:1 Harold


Innate Abilities, Weirdness & Mutations

Your experience applies equally to all skills.
You have very sharp teeth.
Your uncanny sense of smell can sniff out nearby items.
Your life essence is reduced to manifest your ancestor. (-10% HP)


Message History

Confirm with . or Enter, or press ? or * to list all spells.
A beastly little devil appears in a puff of frigid air.
Centenhua hits the orc sorcerer but does no damage.
Centenhua drains the orc sorcerer.
The orc sorcerer closely misses Centenhua.
Centenhua hits the orc sorcerer with a +0 dagger of draining.
The orc sorcerer gestures at Centenhua while chanting.
Centenhua easily resists.
Your white imp barely misses the sun demon.
Centenhua closely misses the orc sorcerer.
The orc sorcerer hits Centenhua but does no damage.
You slash the sun demon!
The sun demon is lightly wounded.
The sun demon hits you!!
* * * LOW HITPOINT WARNING * * *
You are engulfed in flames!
* * * LOW HITPOINT WARNING * * *
Centenhua closely misses the orc sorcerer.
The sun demon hits you!
You die...

###...............#
##.#.....)).......#...
#........[...^........
##.#..................
##....................
#.....................
##.....................
##....#....^.............
#...........@^.>..........
##.#........3.#............ .
##........#..#............ ..
#.......##.......#.......#...
##.#............5Ro......#..(
###.##.........4............
###.......................#..(
##.....##.........#...#...#.4..
##.....##....#.....รท..4..(..#.$.


You could see the friendly Centenhua the hexer, a sun demon, an orc sorcerer, a
red devil and a friendly white imp.

Vanquished Creatures
  A death knight (D:13)
  2 centaur warriors
  3 two-headed ogres
  Urug (Orc:1)
  A skeletal warrior (D:14)
  Pikel (D:5)
  A deep elf mage (D:14)
  7 ugly things
  A cyclops (D:11)
  An elephant (D:10)
  Psyche (D:9)
  4 centaur zombies
  Joseph (D:7)
  A gargoyle (D:12)
  A troll (D:13)
  3 hornets (D:13)
  A queen bee (shapeshifter) (D:14)
  A hippogriff (D:8)
  9 yaks
  Eustachio (D:5)
  A hungry ghost (D:4)
  2 basilisks
  6 vampire mosquitoes
  Menkaure (D:7)
  2 wargs (Orc:1)
  3 orc warriors
  A hornet zombie (D:7)
  An ice beast (D:5)
  2 sky beasts
  7 ogres
  2 phantoms
  4 centaurs
  A crocodile (D:10)
  3 big kobolds
  3 bullfrogs
  A wyvern zombie (D:11)
  2 wyvern skeletons
  A scorpion (D:4)
  2 killer bees (D:10)
  15 wights
  4 howler monkeys
  2 hexers (D:14)
  4 crimson imps
  7 hounds
  2 bullfrog skeletons
  A jelly (D:11)
  9 orc priests
  4 centaur skeletons
  Jessica (D:2)
  Natasha (thrice) (D:3)
  2 iguanas
  9 orc wizards
  7 worker ants
  2 hound zombies
  A hound skeleton (D:9)
  Robin (D:3)
  A howler monkey skeleton (D:5)
  A worker ant zombie (D:10)
  8 adders
  3 gnolls (D:9)
  A shadow imp (D:11)
  An adder zombie (D:6)
  An adder skeleton (D:5)
  3 worms
  5 dart slugs
  4 leopard geckos
  35 orcs
  8 bats
  6 giant cockroaches
  18 goblins
  7 hobgoblins
  14 jackals
  2 quokkas (D:2)
  3 ball pythons
  A ball python skeleton (D:4)
  7 frilled lizards
  14 kobolds
  A leopard gecko zombie (D:7)
  21 rats
326 creatures vanquished.

Vanquished Creatures (collateral kills)
  A deep elf mage (D:14)
  A cyclops (D:12)
  A manticore (D:14)
  3 ugly things (D:14)
  2 centaur zombies
  A komodo dragon (D:12)
  A hornet (D:8)
  A troll (D:10)
  A hippogriff (D:11)
  A shadow (D:10)
  A centaur simulacrum (D:14)
  A spriggan (shapeshifter) (D:14)
  7 yaks
  A basilisk (D:12)
  3 wyverns
  A vampire mosquito (D:13)
  An acid dragon (D:13)
  2 sky beasts
  An eye of draining (D:13)
  A necrophage (D:9)
  An orc warrior (D:10)
  A centaur (D:14)
  3 bullfrogs
  A gnoll sergeant (D:9)
  A scorpion (D:10)
  A killer bee (D:10)
  5 wights
  A hound (D:6)
  3 orc wizards
  3 centaur skeletons
  An iguana (D:9)
  2 worker ants
  3 adders
  2 gnolls (D:9)
  An ooze (D:7)
  An adder zombie (D:8)
  A leopard gecko (D:9)
  13 orcs
  A jackal (D:7)
  A quokka (D:8)
78 creatures vanquished.

Vanquished Creatures (others)
  A slave (D:5)
  A crimson imp (D:5)
  12 hexers
  2 fulminant prisms (D:11)
  2 fungi (D:10)
18 creatures vanquished.

Grand Total: 422 creatures vanquished

Notes
Turn   | Place    | Note
-------+----------+-------------------------------------------
     0 | D:1      | havocjr2 the Gnoll Conjurer began the quest for the Orb.
     0 | D:1      | Reached XP level 1. HP: 13/13 MP: 6/6
   117 | D:1      | Reached XP level 2. HP: 2/19 MP: 0/7
   599 | D:1      | Reached XP level 3. HP: 25/25 MP: 0/9
   727 | D:1      | Reached skill level 5 in Spellcasting
  1153 | D:1      | Upgraded the game from 0.23.2 to 0.23.2-1-ga50397a
  1167 | D:2      | Found a stormy altar of Qazlal.
  1182 | D:2      | Reached skill level 1 in Invocations
  1210 | D:2      | Found a blossoming altar of Fedhas.
  1246 | D:2      | Noticed Jessica
  1307 | D:2      | Killed Jessica
  1307 | D:2      | Reached skill level 1 in Fighting
  1307 | D:2      | Reached skill level 1 in Short Blades
  1307 | D:2      | Reached skill level 1 in Long Blades
  1307 | D:2      | Reached skill level 1 in Axes
  1307 | D:2      | Reached skill level 1 in Maces & Flails
  1307 | D:2      | Reached skill level 1 in Polearms
  1307 | D:2      | Reached skill level 1 in Staves
  1307 | D:2      | Reached skill level 1 in Slings
  1307 | D:2      | Reached skill level 1 in Bows
  1307 | D:2      | Reached skill level 1 in Crossbows
  1307 | D:2      | Reached skill level 1 in Throwing
  1307 | D:2      | Reached skill level 1 in Armour
  1307 | D:2      | Reached skill level 1 in Shields
  1307 | D:2      | Reached skill level 1 in Unarmed Combat
  1307 | D:2      | Reached skill level 1 in Evocations
  1307 | D:2      | Reached XP level 4. HP: 26/32 MP: 7/11
  1404 | D:2      | Found a sacrificial altar of Ru.
  1674 | D:2      | Reached skill level 1 in Hexes
  1674 | D:2      | Reached skill level 1 in Charms
  1674 | D:2      | Reached skill level 1 in Summonings
  1674 | D:2      | Reached skill level 1 in Necromancy
  1674 | D:2      | Reached skill level 1 in Translocations
  1674 | D:2      | Reached skill level 1 in Transmutations
  1674 | D:2      | Reached skill level 1 in Fire Magic
  1674 | D:2      | Reached skill level 1 in Ice Magic
  1674 | D:2      | Reached skill level 1 in Air Magic
  1674 | D:2      | Reached skill level 1 in Earth Magic
  1674 | D:2      | Reached skill level 1 in Poison Magic
  1895 | D:2      | Found a hide-covered altar of Uskayaw.
  2085 | D:2      | Reached XP level 5. HP: 37/37 MP: 9/12
  2685 | D:3      | Noticed Natasha
  2769 | D:3      | Killed Natasha
  2788 | D:3      | Noticed Natasha
  2791 | D:3      | Killed Natasha
  2929 | D:3      | Noticed Robin
  3022 | D:3      | Killed Robin
  3024 | D:3      | Reached XP level 6. HP: 44/44 MP: 5/13
  3270 | D:3      | Noticed Natasha
  3273 | D:3      | Killed Natasha
  3648 | D:4      | Reached skill level 5 in Dodging
  3708 | D:4      | Learned a level 2 spell: Searing Ray
  3712 | D:4      | Learned a level 3 spell: Dazzling Spray
  3717 | D:4      | Learned a level 4 spell: Iskenderun's Mystic Blast
  3835 | D:4      | Found an iron altar of Okawaru.
  3973 | D:4      | Noticed a hungry ghost
  4002 | D:4      | Killed a hungry ghost
  4002 | D:4      | Reached XP level 7. HP: 51/51 MP: 12/15
  4080 | D:4      | Reached skill level 5 in Stealth
  4305 | D:5      | Entered Level 5 of the Dungeon
  4308 | D:5      | Noticed Eustachio
  4407 | D:5      | Noticed Pikel
  4510 | D:5      | Killed Pikel
  4510 | D:5      | Reached XP level 8. HP: 24/58 MP: 13/17
  4820 | D:5      | Killed Eustachio
  4980 | D:5      | Noticed a moth of wrath
  4983 | D:5      | Found a bloodstained altar of Trog.
  5000 | D:5      | Learned a level 4 spell: Fulminant Prism
  5231 | D:5      | Found a basalt altar of Yredelemnul.
  5231 | D:5      | Found a shattered altar of Ashenzari.
  5232 | D:5      | Found a white marble altar of Elyvilon.
  5233 | D:5      | Found an ancient bone altar of Kikubaaqudgha.
  5495 | D:6      | Found a staircase to the Ecumenical Temple.
  5509 | D:6      | Reached XP level 9. HP: 65/65 MP: 18/18
  5516 | Temple   | Entered the Ecumenical Temple
  5530 | Temple   | Became a worshipper of Hepliaklqana the Forgotten
  6215 | D:7      | Noticed Menkaure
  6218 | D:7      | Killed Menkaure
  6505 | D:7      | Reached * piety under Hepliaklqana
  7213 | D:7      | Noticed Joseph
  7221 | D:7      | Killed Joseph
  7405 | D:8      | Reached skill level 5 in Invocations
  7457 | D:8      | Reached ** piety under Hepliaklqana
  7458 | D:8      | Remembered your ancestor Centenhua as a hexer
  7465 | D:8      | Found a burning altar of Makhleb.
  7635 | D:8      | Reached XP level 10. HP: 63/65 MP: 20/20
  8084 | D:8      | Learned a level 3 spell: Mephitic Cloud
  8445 | D:9      | Reached skill level 5 in Fighting
  8445 | D:9      | Reached skill level 5 in Short Blades
  8445 | D:9      | Reached skill level 5 in Long Blades
  8445 | D:9      | Reached skill level 5 in Axes
  8445 | D:9      | Reached skill level 5 in Maces & Flails
  8445 | D:9      | Reached skill level 5 in Polearms
  8445 | D:9      | Reached skill level 5 in Staves
  8445 | D:9      | Reached skill level 5 in Slings
  8445 | D:9      | Reached skill level 5 in Bows
  8445 | D:9      | Reached skill level 5 in Crossbows
  8445 | D:9      | Reached skill level 5 in Throwing
  8445 | D:9      | Reached skill level 5 in Armour
  8445 | D:9      | Reached skill level 5 in Shields
  8445 | D:9      | Reached skill level 5 in Unarmed Combat
  8445 | D:9      | Reached skill level 5 in Evocations
  8515 | D:9      | Noticed Psyche
  8532 | D:9      | Killed Psyche
  8579 | D:9      | Noticed an ice statue
  9003 | D:9      | Found an opulent altar of Gozag.
  9004 | D:9      | Found a sparkling altar of Nemelex Xobeh.
  9174 | D:9      | Found a staircase to the Orcish Mines.
  9374 | D:10     | Entered Level 10 of the Dungeon
  9499 | D:10     | Found Pumyji's Distillery.
  9507 | D:10     | Bought a potion of heal wounds for 75 gold pieces
  9507 | D:10     | Bought a potion of haste for 150 gold pieces
  9507 | D:10     | Bought a potion of flight for 45 gold pieces
  9507 | D:10     | Bought a potion of curing for 45 gold pieces
  9507 | D:10     | Bought a potion of invisibility for 120 gold pieces
  9537 | D:10     | Reached *** piety under Hepliaklqana
  9754 | D:10     | Found a staircase to the Lair.
  9906 | D:10     | Reached XP level 11. HP: 65/72 MP: 22/22
 10516 | D:11     | Noticed a two-headed ogre
 10519 | D:11     | Noticed a cyclops
 10891 | D:10     | Reached skill level 5 in Hexes
 10891 | D:10     | Reached skill level 5 in Charms
 10891 | D:10     | Reached skill level 5 in Summonings
 10891 | D:10     | Reached skill level 5 in Necromancy
 10891 | D:10     | Reached skill level 5 in Translocations
 10891 | D:10     | Reached skill level 5 in Transmutations
 10891 | D:10     | Reached skill level 5 in Fire Magic
 10891 | D:10     | Reached skill level 5 in Ice Magic
 10891 | D:10     | Reached skill level 5 in Air Magic
 10891 | D:10     | Reached skill level 5 in Earth Magic
 10891 | D:10     | Reached skill level 5 in Poison Magic
 11060 | D:10     | Learned a level 4 spell: Summon Lightning Spire
 11279 | D:11     | Killed a cyclops
 11389 | D:11     | Got a fine arbalest
 11423 | D:11     | Killed a two-headed ogre
 12054 | D:12     | Noticed a two-headed ogre
 12060 | D:12     | Killed a two-headed ogre
 12215 | D:12     | Found Myneq's Weapon Boutique.
 12235 | D:12     | Identified the +6 arbalest "Safaod" {freeze, Dex+4} (You
                  | found it on level 11 of the Dungeon)
 13261 | D:12     | Noticed a cyan ugly thing
 13613 | D:11     | Killed a cyan ugly thing
 13613 | D:11     | Reached XP level 12. HP: 80/80 MP: 20/24
 13736 | D:12     | Found a shadowy altar of Dithmenos.
 14054 | D:13     | Noticed a centaur warrior
 14071 | D:13     | Killed a centaur warrior
 14224 | D:13     | Paralysed by a hornet for 1 turns
 14641 | D:13     | Noticed a death knight
 14965 | D:13     | Learned a level 2 spell: Call Imp
 15110 | D:13     | Killed a death knight
 15268 | D:13     | Reached **** piety under Hepliaklqana
 15664 | D:13     | Found Faliol's Book Shoppe.
 16043 | D:14     | Found Vallass's Magic Scroll Shop.
 16417 | D:14     | Bought a scroll of holy word for 97 gold pieces
 16572 | D:14     | Noticed a centaur warrior
 16576 | D:14     | Noticed an ogre mage
 16578 | D:14     | Noticed a two-headed ogre
 16582 | D:14     | Killed a centaur warrior
 16583 | D:14     | Noticed a two-headed ogre
 16623 | D:14     | Reached XP level 13. HP: 35/88 MP: 26/26
 17298 | Orc:1    | Entered Level 1 of the Orcish Mines
 17308 | Orc:1    | Noticed Urug
 17335 | Orc:1    | Killed Urug
 17612 | Orc:1    | Noticed Harold
 17626 | Orc:1    | Paralysed by an orc sorcerer for 6 turns
 17648 | Orc:1    | Slain by a sun demon

Skill      XL: |  1  2  3  4  5  6  7  8  9 10 11 12 13 |
---------------+----------------------------------------+-----
Spellcasting   | 5 6 7 8 9 |  9.5
Invocations    | 1 2 3 4 5 6 7 8 |  8.8
Fighting       | 1 2 3 4 5 6 7 8 |  8.0
Short Blades   | 1 2 3 4 5 6 7 8 |  8.0
Long Blades    | 1 2 3 4 5 6 7 8 |  8.0
Axes           | 1 2 3 4 5 6 7 8 |  8.0
Maces & Flails | 1 2 3 4 5 6 7 8 |  8.0
Polearms       | 1 2 3 4 5 6 7 8 |  8.0
Staves         | 1 2 3 4 5 6 7 8 |  8.0
Slings         | 1 2 3 4 5 6 7 8 |  8.0
Bows           | 1 2 3 4 5 6 7 8 |  8.0
Crossbows      | 1 2 3 4 5 6 7 8 |  8.0
Throwing       | 1 2 3 4 5 6 7 8 |  8.0
Armour         | 1 2 3 4 5 6 7 8 |  8.0
Shields        | 1 2 3 4 5 6 7 8 |  8.0
Unarmed Combat | 1 2 3 4 5 6 7 8 |  8.0
Evocations     | 1 2 3 4 5 6 7 8 |  8.0
Hexes          | 1 2 3 4 5 6 |  6.6
Charms         | 1 2 3 4 5 6 |  6.6
Summonings     | 1 2 3 4 5 6 |  6.6
Necromancy     | 1 2 3 4 5 6 |  6.6
Translocations | 1 2 3 4 5 6 |  6.6
Transmutations | 1 2 3 4 5 6 |  6.6
Fire Magic     | 1 2 3 4 5 6 |  6.6
Ice Magic      | 1 2 3 4 5 6 |  6.6
Air Magic      | 1 2 3 4 5 6 |  6.6
Earth Magic    | 1 2 3 4 5 6 |  6.6
Poison Magic   | 1 2 3 4 5 6 |  6.6
Dodging        | 5 6 7 8 9 |  9.3
Stealth        | 5 6 7 8 9 |  9.1
Conjurations   | 8 9 |  9.8

Action                   |  1- 3 |  4- 6 |  7- 9 | 10-12 | 13-15 || total
-------------------------+-------+-------+-------+-------+-------++-------
Melee: Mace              |       |     6 |       |       |       ||     6
       Falchion          |       |     1 |   122 |   277 |       ||   400
       Bite              |       |       |    21 |    64 |     8 ||    93
       Punch             |       |       |     1 |       |       ||     1
       Great sword       |       |       |       |   114 |    42 ||   156
       Unarmed           |       |       |       |    11 |       ||    11
 Fire: Longbow           |       |       |       |    38 |    18 ||    56
       Arbalest          |       |       |       |    19 |    13 ||    32
Throw: Tomahawk          |       |       |     2 |    17 |       ||    19
 Cast: Magic Dart        |    63 |   151 |    91 |    38 |       ||   343
       Iskenderun's Myst |       |     1 |    22 |    38 |     6 ||    67
       Dazzling Spray    |       |       |    16 |    23 |       ||    39
       Mephitic Cloud    |       |       |       |    28 |     4 ||    32
       Summon Lightning  |       |       |       |    17 |     2 ||    19
       Fulminant Prism   |       |       |       |     2 |       ||     2
       Searing Ray       |       |       |       |     2 |       ||     2
       Call Imp          |       |       |       |    22 |    14 ||    36
Invok: Ancestor Life: He |       |       |     1 |       |       ||     1
       Recall Ancestor   |       |       |       |     3 |       ||     3
  Use: Scroll            |     5 |     5 |       |    16 |     1 ||    27
       Potion            |       |       |       |     4 |     2 ||     6
 Stab: Invisible         |       |       |     5 |     5 |       ||    10
       Sleeping          |       |       |     4 |     7 |       ||    11
       Distracted        |       |       |     2 |     8 |       ||    10
       Confused          |       |       |     1 |     9 |     5 ||    15
  Eat: Chunk             |     1 |     8 |    12 |    21 |     3 ||    45
       Ration            |       |       |     1 |     5 |       ||     6
Armor: Robe              |       |       |    25 |    92 |       ||   117
       Skin              |       |       |       |    13 |       ||    13
       Acid dragon scale |       |       |       |    33 |    14 ||    47
Dodge: Dodged            |    13 |     9 |   107 |   324 |    49 ||   502
Block: Buckler           |       |       |    13 |    48 |       ||    61
       Rpst.: Falchion   |       |     1 |    39 |    54 |       ||    94
       Great sword       |       |       |       |    35 |    10 ||    45
